 Dungeon Crawl Stone Soup version 0.26-a0-274-g7ed2249 (webtiles) character file.

Game seed: 2565235693804866392

7 Firecrotchwizard the Insei (level 2, -4/14 HPs)
             Began as a Vine Stalker Transmuter on July 11, 2020.
             Slain by a kobold
             ... wielding a +0 club
              (5 damage)
             ... on level 1 of the Dungeon.
             The game lasted 00:00:32 (236 turns).

Firecrotchwizard the Insei (Vine Stalker Transmuter) Turns: 236, Time: 00:00:33

Health: -4/14      AC:  2    Str: 12    XL:     2   Next: 0%
Magic:  0/6        EV: 12    Int: 13    God:
Gold:   24         SH:  0    Dex: 14    Spells: 4/5 levels left

rFire    . . .     SeeInvis .     - Unarmed
rCold    . . .     Faith    .   (no shield)
rNeg     . . .     Spirit   +   b - +0 robe
rPois    .         Reflect  .   (no helmet)
rElec    .         Harm     .   (no cloak)
rCorr    .                      (no gloves)
MR       .....                  (boots currently unavailable)
Stlth    +.........             (no amulet)
HPRegen  0.04/turn              (no ring)
MPRegen  0.10/turn              (no ring)

@: appendage
A: fangs 2, talons 3, magic shield, antimagic bite, no potion heal 3, rot
immunity
a: End Transformation


You were on level 1 of the Dungeon.
You had grown temporary talons.
You visited 1 branch of the dungeon, and saw 1 of its levels.

You collected 24 gold pieces.

Inventory:

Missiles
 a - 12 arrows
Armour
 b - a +0 robe (worn)
Jewellery
 e - an uncursed amulet of magic regeneration {unknown}
   (You found it on level 1 of the Dungeon)
Scrolls
 c - a scroll of remove curse {unknown}
Potions
 d - 2 potions of might {unknown}


   Skills:
 - Level 0.8 Fighting
 - Level 1.5 Dodging
 + Level 3.2 Unarmed Combat
 - Level 2.1 Spellcasting
 + Level 2.3 Transmutations


You had 4 spell levels left.
You knew the following spells:

 Your Spells              Type           Power        Failure   Level
a - Beastly Appendage     Tmut           #.....       10%         1

Your spell library contained the following spells:

 Spells                   Type           Power        Failure   Level
 Sticks to Snakes         Tmut           #.......     14%         2
 Spider Form              Tmut/Pois      #.........   43%         3
 Ice Form                 Ice/Tmut       #.......     83%         4
 Blade Hands              Tmut           #.........   95%         5


Dungeon Overview and Level Annotations

Branches:
Dungeon (1/15)

Altars:


Innate Abilities, Weirdness & Mutations

You have extremely sharp teeth.
When hurt, damage is shared between your health and your magic reserves.
Your bite disrupts and absorbs the magic of your enemies.
Potions cannot restore your health.
You are immune to rotting.
You have claws for feet.


Message History

Warning: Bad object type '%}\|' for autopickup. (HilariousDeathArtist.rc:719) Welcome, Firecrotchwizard the Vine Stalker Transmuter.
Will you prevail where others failed? Will you find the Orb of Zot?
Found 7 gold pieces and a leather armour.
Found a staircase leading out of the dungeon.
You now have 7 gold pieces.
You see here a leather armour.
You now have 15 gold pieces (gained 8).
You open the door.
There is an open door here.
c - a scroll labeled GYUKKILEFAM
Found a stone staircase leading down.
A hobgoblin comes into view.
The hobgoblin shouts!
You hear a shout!
The hobgoblin hits you.
You take 1 damage, and have 8/9 hp.
You now have 3/4 mp.
You hit the hobgoblin.
You bite the hobgoblin, but do no damage.
The hobgoblin closely misses you.
You hit the hobgoblin.
You kill the hobgoblin!
No target in view!
A hobgoblin comes into view.
Health restored: 9 A hobgoblin is nearby!
You see here a hobgoblin corpse.
The hobgoblin barely misses you.
You hit the hobgoblin but do no damage. You bite the hobgoblin.
You drain its power.
You feel invigorated. The hobgoblin barely misses you.
MP restored: 4 You closely miss the hobgoblin.
You bite the hobgoblin. You drain its power. The hobgoblin hits you.
You take 2 damage, and have 7/9 hp.
MASSIVE DAMAGE!!
You barely miss the hobgoblin. You bite the hobgoblin.
You kill the hobgoblin!
d - a fuming golden potion You start resting.
Health restored: 9
d - 2 fuming golden potions (gained 1)
Found a stone staircase leading down.
You now have 24 gold pieces (gained 9).
A bat comes into view.
The bat hits you but does no damage.
You hit the bat.
You kill the bat!
No target in view!
A giant cockroach comes into view.
You hit the giant cockroach but do no damage.
You bite the giant cockroach. You drain its power.
The giant cockroach bites you but does no damage.
You hit the giant cockroach but do no damage.
The giant cockroach closely misses you.
You hit the giant cockroach.
You kill the giant cockroach!
No target in view!
You see here a giant cockroach corpse.
e - a large pearl amulet You see here a hobgoblin corpse.
A frilled lizard and a goblin come into view.
The frilled lizard hisses angrily. 2 frilled lizards come into view.
A kobold comes into view. It is wielding a +0 club.
The frilled lizard hisses angrily.
The kobold shouts!
The frilled lizard hisses angrily.
You hear an angry hiss.
You hear a shout!
A goblin comes into view. It is wielding a +0 club.
A frilled lizard comes into view.
You closely miss the frilled lizard. The frilled lizard bites you.
A frilled lizard comes into view.
You take 1 damage, and have 8/9 hp.
You now have 3/4 mp.
The frilled lizard hisses angrily.
You hit the frilled lizard.
You kill the frilled lizard!
Sorry, you're not good enough to have a special ability.
Your feet morph into talons.
The goblin hits you with a +0 club.
You take 4 damage, and have 4/9 hp.
MASSIVE DAMAGE!!
You now have 2/4 mp.
You hit the goblin.
You kill the goblin!
You have reached level 2!
You regained 3 hp, and now have 7/14 hp.
You barely miss the kobold. Your kick misses the kobold.
The kobold hits you with a +0 club.
You take 2 damage, and have 5/14 hp.
You now have 2/6 mp.
You closely miss the kobold. The kobold hits you with a +0 club.
* * * LOW HITPOINT WARNING * * *
You take 4 damage, and have 1/14 hp.
MASSIVE DAMAGE!!
You now have 0/6 mp.
You hit the kobold. The kobold hits you with a +0 club.
You die...

####################.##........
#.##........ #.##........
#.##........ #.##........
#.###...#.## . #.# #.#.#...
≈≈.l#########.###.#.#..#
≈≈≈gllK@........†.......
≈≈≈.l########.###.#.#..# ≈≈≈
#.# #.#.#..# ≈ #.# #.#.#..# #.#
#.#.#..# ######.###.#.#..#
###.......##.#.#..#
#.......####.#.#..# #.......#
#.#.#..#


You could see a goblin, a kobold and 4 frilled lizards.

Vanquished Creatures
  A giant cockroach (D:1)
  A goblin (D:1)
  2 hobgoblins (D:1)
  A bat (D:1)
  A frilled lizard (D:1)
6 creatures vanquished.

Notes
Turn   | Place    | Note
-------+----------+-------------------------------------------
     0 | D:1      | Firecrotchwizard the Vine Stalker Transmuter began the
                  | quest for the Orb.
     0 | D:1      | Reached XP level 1. HP: 9/9 MP: 4/4
   233 | D:1      | Reached XP level 2. HP: 7/14 MP: 3/6
   235 | D:1      | HP: 1/14 [kobold/+0 club (4)]
   236 | D:1      | Slain by a kobold

Illustrated notes

Levels and vault maps discovered:
D:1:      nzn_arrival_depleted_hourglass, layout_basic, minmay_lizard_pond

Action                   || total
-------------------------++-------
Melee: Unarmed           ||    15
       Bite              ||     5
 Cast: Beastly Appendage ||     1
Armor: Robe              ||     2
Dodge: Dodged            ||     4

Table legend:
 A = Non-vault XP
 B = Vault XP
 C = Vault XP percentage of total XP
 D = Non-vault monster count
 E = Vault monster count
 F = Vault count percentage of total count
                 A         B        C        D         E       F
            +---------+---------+-------+---------+---------+-------
      Total |       9 |       1 |  10.0 |       5 |       1 |  16.7
            +---------+---------+-------+---------+---------+-------
        D:1 |       9 |       1 |  10.0 |       5 |       1 |  16.7
            +---------+---------+-------+---------+---------+-------

Levels and vault maps discovered:
D:1:      nzn_arrival_depleted_hourglass, layout_basic, minmay_lizard_pond

Table legend:
 A = Turns spent in this place as a percentage of turns spent in the entire game.
 B = Non-inter-level travel turns spent in this place as a percentage of non-inter-level travel turns spent in the entire game.
 C = Inter-level travel turns spent in this place as a percentage of turns spent in this place.
 D = Turns resting spent in this place as a percentage of non-inter-level travel turns spent in this place.
 E = Turns spent auto-exploring this place as a percentage of non-inter-level travel turns spent in this place.
 F = Non-inter-level travel turns spent in this place divided by the number of levels of this place that you've seen.
                   A       B       C       D       E      F
               +-------+-------+-------+-------+-------+----------------------
         Total | 100.0 | 100.0 |   0.0 |  25.4 |  58.1 | 236.0
       Dungeon | 100.0 | 100.0 |   0.0 |  25.4 |  58.1 | 236.0
               +-------+-------+-------+-------+-------+----------------------

Table legend:
 A = Kills in this place as a percentage of kills in entire the game.
 B = Kills by you in this place as a percentage of kills by you in the entire game.
 C = Kills by friends in this place as a percentage of kills by friends in the entire game.
 D = Other kills in this place as a percentage of other kills in the entire game.
 E = Experience gained in this place as a percentage of experience gained in the entire game.
 F = Experience gained in this place divided by the number of levels of this place that you have seen.
                   A       B       C       D       E      F
               +-------+-------+-------+-------+-------+----------------------
         Total | 100.0 | 100.0 |   N/A |   N/A | 100.0 |  10.0
       Dungeon | 100.0 | 100.0 |   N/A |   N/A | 100.0 |  10.0
               +-------+-------+-------+-------+-------+----------------------
